Map: New Repugnancy LE

Players

Starlord - Winner!

  • Race: Zerg Zerg
  • League: Master
  • Spawn Location: 7:00

GnuGnu

  • Race: Protoss Protoss
  • League: Master
  • Spawn Location: 1:00

VOD

https://youtu.be/14Bd08ppsuY

Description

Time

  • Played on: July 29, 2019, 7:48 p.m.
  • Length: 5:02
Show
View Real Time Build Order
Export as new Build Order

Starlord Zerg - Winner!

Build Orders: Pool First 

Get SALT Encoding   

  12  0:01  Drone  
  13  0:13  Overlord  
  13  0:18  Drone  
  14  0:32  Drone x2  
  16  0:35  Drone  
  17  0:46  Spawning Pool  
  17  0:49  Drone  
  17  0:57  Drone  
  18  1:13  Hatchery  
  17  1:34  Queen  
  17  1:35  Zergling x4  
  17  1:36  Zergling x2  
  22  2:04  Overlord  
  22  2:24  Zergling x2  
  22  2:25  Zergling x4  
  25  2:31  Zergling x2  
  26  2:44  Zergling x4  
  28  2:52  Zergling x4  
  28  2:53  Zergling x4  
  30  3:13  Zergling x2  
  30  3:14  Zergling x2  
  31  3:23  Zergling x4  
  29  3:27  Zergling x2  
  16  3:44  Drone  
  16  3:51  Drone  
  17  4:03  Drone  
  17  4:15  Drone  
  18  4:27  Drone  
  18  4:32  Drone  
  18  4:40  Drone  
Show
View Real Time Build Order
Export as new Build Order

GnuGnu Protoss 

Build Orders:  

Get SALT Encoding   

  12  0:00  Probe  
  13  0:13  Probe  
  14  0:19  Pylon  
  14  0:25  Probe  
  15  0:33  Probe  
  15  0:38  Gateway  
  15  0:41  Probe  
  17  0:50  Assimilator  
  17  0:52  Probe  
  18  1:05  Forge  
  18  1:14  Pylon  
  18  1:17  Probe  
  19  1:33  Cybernetics Core  
  19  1:43  Probe  
  20  1:59  Probe  
  20  2:00  Nexus  
  21  2:06  Pylon  
  21  2:14  Adept, Probe  
  22  2:16  Assimilator  
  22  2:29  Robotics Facility  
  24  2:40  Adept  
  24  2:48  Probe  
  27  3:00  Photon Cannon  
  4  3:43  Probe  
  4  3:46  Probe  
  6  4:02  Photon Cannon  
  5  4:20  Pylon  
Tags
 
Add a new tag
Caveats
  • Supply blocks, unpowered buildings, or Contaminate may cause inaccurate times.
  • Supply counts are checked every 10 seconds.